 Dungeon Crawl Stone Soup version 0.14-a0-2986-gd1872aa (webtiles) character file.

60 JEFFREY the Practitioner (level 2, 0/21 HPs)
             Began as a Formicid Healer on Mar 6, 2014.
             Was a Believer of Elyvilon.
             Killed by nerve-wracking pain
             ... invoked by Jessica
              (6 damage)
             ... on Level 2 of the Dungeon.
             The game lasted 00:08:27 (1168 turns).

JEFFREY the Practitioner (Formicid Healer)          Turns: 1168, Time: 00:08:27

HP   0/21        AC  5     Str 16      XL: 2   Next: 75%
MP   4/14        EV  9     Int 11      God: Elyvilon [**....]
Gold 44          SH  0     Dex 10      Spells:  0 memorised,  1 level left

rFire  . . .     SeeInvis +     h - +0 club
rCold  . . .     Clarity  .     e - +0 ring mail
rNeg   . . .     Conserve .     (no shield)
rPois  .         rCorr    .     (helmet unavailable)
rElec  .         rRot     .     (no cloak)
SustAb . .       Spirit   .     (no gloves)
rMut   .         Warding  .     (no boots)
Saprov . . .     Stasis   +     (no amulet)
MR     .....                    m - ring of magical power
                                l - ring of flight

@: not resistant to hostile enchantments, extremely unstealthy
A: permanent stasis, dig shafts and tunnels, four strong arms, antennae 3
a: Dig, Shaft Self, Lesser Healing, Lesser Self-Healing, Divine Protection,
Purification, Renounce Religion, Evoke Flight


You were on level 2 of the Dungeon.
You worshipped Elyvilon.
Elyvilon was pleased with you.
You were starving.

You visited 1 branch of the dungeon, and saw 2 of its levels.

You collected 44 gold pieces.

Inventory:

Hand weapons
 h - a +0,+0 club (weapon)
Armour
 a - a +1 robe
 e - a +0 ring mail (worn)
Comestibles
 d - 2 bread rations
 n - a rotting chunk of goblin flesh
Scrolls
 f - 2 scrolls of enchant weapon II {unknown}
 g - 6 scrolls of remove curse {unknown}
 j - a scroll of identify {unknown}
 k - a scroll of amnesia {unknown}
Jewellery
 l - a ring of flight (left hand)
 m - a ring of magical power (right hand)
Potions
 i - a potion of magic {unknown}


   Skills:
 + Level 1.2 Fighting
 + Level 0.0 Maces & Flails
 + Level 1.0 Armour
 - Level 1.7 Dodging
 + Level 4.0 Invocations
 + Level 0.0 Evocations


You had one spell level left.
You didn't know any spells.

Dungeon Overview and Level Annotations

Branches:
Dungeon (2/16)

Altars:

Annotations:
D:2 Jessica


Innate Abilities, Weirdness & Mutations

Your are under a permanent stasis effect.
You can dig through walls and to a lower floor.
Your four strong arms can wield any weapon, most with a shield.
You have a pair of large antennae on your head (SInv).


Message History

Jessica hits you but does no damage.
You closely miss Jessica.
Jessica is moderately wounded.
Jessica hits you with a club.
You closely miss Jessica.
Jessica is moderately wounded.
Jessica hits you with a club.
* * * LOW HITPOINT WARNING * * *
You closely miss Jessica.
Jessica is moderately wounded.
Jessica barely misses you.
You barely miss Jessica.
Jessica is moderately wounded.
Jessica hits you with a club.
* * * LOW HITPOINT WARNING * * *
You barely miss Jessica.
Jessica is moderately wounded.
Jessica gestures at you while chanting. Pain shoots through your body!
You die...

#.# . #.# # ####### #.#
# ......#####.#### #
#.....##......# #
#.............# #
####.............# #
.................# #
..#....@.......#########
+..>@.......%.........
#.....#......#########
#.....#......# #...
#.....#......# #...
#.....#......# #...
###...#......# #...
#...#......# ##...
...#......# #....


You could see Jessica.

Vanquished Creatures
  A giant cockroach (D:1)
  A hobgoblin (D:1)
  2 kobolds
4 creatures vanquished.

Vanquished Creatures (others)
  3 goblins
  2 hobgoblins (D:1)
  2 giant newts
  A kobold (D:1)
8 creatures vanquished.

Grand Total: 12 creatures vanquished

Notes
Turn   | Place    | Note
--------------------------------------------------------------
     0 | D:1      | JEFFREY, the Formicid Healer, began the quest for the Orb.
     0 | D:1      | Reached XP level 1. HP: 15/15 MP: 2/2
   379 | D:1      | Reached XP level 2. HP: 21/21 MP: 5/5
   694 | D:1      | Reached skill level 4 in Invocations
  1063 | D:2      | Reached skill level 1 in Armour
  1108 | D:2      | Noticed Jessica
  1168 | D:2      | Killed from afar by Jessica

Action                   || total
-------------------------++-------
Melee: Unarmed           ||    46
       Club              ||    76
Invok: Lesser Healing    ||    41
       Lesser Self-Heali ||    11
  Use: Potion            ||     2
